 Dungeon Crawl Stone Soup version 0.28-a0-664-gc179e30c89 (webtiles) character file.

Game seed: 8574013571591540161

5798 timneilson the Blocker (level 10, -1/61 HPs)
             Began as a Gargoyle Fighter on Oct 16, 2021.
             Was a Priest of Okawaru.
             Slain by a manticore (8 damage)
             ... summoned by a worldbinder
             ... on level 4 of the Abyss.
             The game lasted 00:18:18 (6701 turns).

timneilson the Blocker (Gargoyle Fighter)           Turns: 6701, Time: 00:18:18

Health: -1/61      AC: 34    Str: 24    XL:     10   Next: 79%
Magic:  12/12      EV: 11    Int:  8    God:    Okawaru [***...]
Gold:   513        SH: 14    Dex:  9    Spells: 9/9 levels left

rFire   . . .      SeeInvis +   a - +1 long sword (protect)
rCold   . . .      Faith    .   j - +2 kite shield {AC+3}
rNeg    + . .      Spirit   .   k - +0 chain mail
rPois   ∞          Reflect  .   x - +0 helmet {SInv}
rElec   +          Harm     .   (no cloak)
rCorr   .          Rampage  .   (no gloves)
Will    .....                   b - +1 pair of boots
Stlth   ..........              l - amulet of regeneration
HPRegen 1.20/turn               m - ring of see invisible
MPRegen 0.13/turn               (no ring)

@: heroic, under a protective aura
A: sickness immunity, AC +7, negative energy resistance 1, electricity
resistance, torment resistance 1, petrification resistance
a: Renounce Religion, Heroism


You were on level 4 of the Abyss.
You worshipped Okawaru.
Okawaru was most pleased with you.
You visited 2 branches of the dungeon, and saw 10 of its levels.
You visited the Abyss 1 time.
You also visited: Ossuary.

You collected 513 gold pieces.

Inventory:

Hand Weapons
 a - a +1 long sword of protection (weapon)
Armour
 b - a +1 pair of boots (worn)
 e - a +0 tower shield
 j - a +2 kite shield of protection (worn)
 k - a +0 chain mail (worn)
 x - a +0 helmet of see invisible (worn)
 y - a +0 plate armour
Jewellery
 l - an amulet of regeneration (around neck)
 m - a ring of see invisible (left hand)
Wands
 i - a wand of polymorph (9)
 n - a wand of acid (7)
 v - a wand of flame (25)
Scrolls
 c - 2 scrolls of enchant armour
 d - a scroll of magic mapping
 f - 4 scrolls of teleportation
 q - a scroll of amnesia
 r - 2 scrolls of enchant weapon
 B - 2 scrolls of silence
Potions
 g - 2 potions of lignification
 h - 4 potions of curing
 o - 3 potions of brilliance
 p - 2 potions of heal wounds
 s - 3 potions of haste
 t - a potion of mutation
 u - 3 potions of flight
 w - a potion of magic {unknown}
 z - a potion of cancellation {unknown}
 A - a potion of ambrosia {unknown}
 C - a potion of resistance {unknown}


   Skills:
 + Level 6.5(11.5) Fighting
 * Level 7.0(12.0) Long Blades
 * Level 8.7(13.7) Armour
 + Level 4.2(9.2) Dodging
 * Level 8.7(13.7) Shields
 + Level 3.2 Invocations
 + Level 4.2 Evocations


You had 9 spell levels left.
You didn't know any spells.
Your spell library contained the following spells:

 Spells                   Type           Power      Damage    Failure   Level
 Sandblast                Erth           0%         2d4       92%         1
 Sting                    Tmut/Pois      0%         1d3       92%         1
 Corpse Rot               Necr/Air       N/A        N/A       98%         2
 Passwall                 Tmut/Erth      0%         N/A       98%         2
 Poisonous Vapours        Pois/Air       0%         N/A       98%         2
 Dazzling Flash           Conj/Hex       0%         N/A       100%        3
 Ignite Poison            Fire/Tmut/Pois 0%         N/A       100%        3
 Mephitic Cloud           Conj/Pois/Air  0%         N/A       100%        3
 Stone Arrow              Conj/Erth      0%         3d7       100%        3
 Dispel Undead            Necr           0%         3d6       100%        4
 Olgreb's Toxic Radiance  Pois           0%         N/A       100%        4
 Agony                    Necr           0%         N/A       100%        5
 Borgnjor's Vile Clutch   Necr/Erth      0%         N/A       100%        5
 Freezing Cloud           Conj/Ice/Air   0%         6-21      100%        5
 Silence                  Hex/Air        0%         N/A       100%        5
 Orb of Destruction       Conj           0%         N/A       100%        7
 Borgnjor's Revivificati  Necr           0%         N/A       100%        8
 Necromutation            Tmut/Necr      0%         N/A       100%        8
 Death's Door             Necr           0%         N/A       100%        9
 Summon Guardian Golem    Hex/Summ       Unusable   N/A       N/A         3
 Animate Dead             Necr           Unusable   N/A       N/A         4
 Death Channel            Necr           Unusable   N/A       N/A         6
 Spellforged Servitor     Conj/Summ      Unusable   N/A       N/A         7

Dungeon Overview and Level Annotations

Branches:
Dungeon (9/15)             Temple (1/1) D:7            Lair (0/6) D:8
    Orc (0/2) D:9         Ossuary (visited)

Altars:
Ashenzari
Cheibriados
Dithmenos
Elyvilon
Fedhas
Gozag
Hepliaklqana
Kikubaaqudgha
Makhleb
Nemelex Xobeh
Okawaru
Qazlal
Ru
Sif Muna
Trog
Uskayaw
Vehumet
Wu Jian
Xom
Zin

Annotations:
D:3 2 runed translucent doors, Sabo's ghost, weakling DsGl
D:5 1 runed translucent door, meejah's ghost, amateur MiFi


Innate Abilities, Weirdness & Mutations

You are immune to sickness and miasma.
Your stone body is resilient. (AC +7)
You are immune to poison.
You resist negative energy. (rN+)
You are resistant to electric shocks. (rElec)
You are resistant to unholy torment.
You are immune to petrification.


Message History

You destroy the starcursed mass!
Okawaru accepts your kill.
The merfolk aquamancer mumbles some strange words.
The merfolk aquamancer blinks!
The manticore bites you!
* * * LOW HITPOINT WARNING * * *
You block the manticore's attack. x2
The worldbinder hits you but does no damage. x2
The starcursed mass touches you but does no damage.
The snapping turtle bites you but does no damage.
You hit the starcursed mass.
The starcursed mass is moderately damaged.
The starcursed mass shudders and is absorbed by its neighbour.
The worldbinder hits you but does no damage.
The worldbinder barely misses you.
A starcursed mass splits.
You block the manticore's attack.
The manticore claws you but does no damage.
The manticore completely misses you.
The starcursed mass touches you but does no damage.
You block the snapping turtle's attack.
You completely miss the starcursed mass.
The starcursed mass is moderately damaged.
You block the worldbinder's attack. x2
The starcursed mass touches you but does no damage.
The merfolk aquamancer mumbles some strange words.
The merfolk aquamancer blinks!
The manticore bites you but does no damage.
You block the manticore's attack.
The manticore claws you but does no damage.
The starcursed mass touches you but does no damage.
The snapping turtle bites you but does no damage.
You hit the starcursed mass.
The starcursed mass is heavily damaged.
The starcursed mass shudders and is absorbed by its neighbour.
The worldbinder hits you but does no damage.
The worldbinder misses you.
A starcursed mass splits.
You block the worldbinder's attack.
The worldbinder hits you but does no damage.
The manticore bites you but does no damage.
The manticore claws you!
You die...

# # # . #.#.
#..## # .#.##
.#.§.# ....##
..#t# # #
#....#
#Hx.#..# ##.
#. .##@X..# #
... #XXX#..#
#...
♣≈##.X#X##m.#
# . #
...##.## #..
##
...###......
# #. # ##...#
.#.#.## . .#
... .. # ..#.
##..#... ##
#. # .#..
..## #


You could see 6 starcursed masses, a merfolk aquamancer (summoned), a snapping
turtle (summoned), a manticore (summoned) and a worldbinder.

Vanquished Creatures
  Pikel (D:9)
  A cyclops (D:9)
  An elephant (D:8)
  A smoke demon (Abyss:4)
  A wyvern (D:8)
  A wraith (D:7)
  A steam dragon (D:8)
  2 basilisks (D:8)
  2 water moccasins
  Duvessa (D:5)
  An orc warrior (D:7)
  2 sky beasts
  2 ice beasts
  A black bear (D:6)
  A hornet zombie (D:8)
  A necrophage (D:8)
  4 ogres
  3 centaurs
  A phantom (D:7)
  A scorpion (D:2)
  2 bullfrogs
  Dowan (D:5)
  2 water moccasin skeletons
  8 wights
  4 howler monkeys
  A starcursed mass (Abyss:4)
  A jelly (D:4)
  5 centaur zombies
  A human zombie (Ossuary)
  2 orc priests
  A hound (D:6)
  2 iguanas (D:6)
  2 centaur skeletons
  A bullfrog skeleton (D:6)
  5 orc wizards (D:7)
  4 mummies (Ossuary)
  4 howler monkey zombies
  3 gnolls (D:2)
  7 adders
  A howler monkey skeleton (D:5)
  2 shadow imps
  2 worms
  A dart slug (D:2)
  13 orcs
  3 ball pythons
  8 bats
  7 endoplasms
  3 giant cockroaches
  3 hobgoblins
  7 jackals
  4 kobolds (D:1)
  5 quokkas
  A frilled lizard (D:1)
  6 goblins
  A goblin zombie (Ossuary)
  3 hobgoblin zombies (Ossuary)
  5 rats
160 creatures vanquished.

Vanquished Creatures (others)
  An orc (D:7)
  2 withered plants (D:5)
3 creatures vanquished.

Grand Total: 163 creatures vanquished

Notes
Turn   | Place    | Note
-------+----------+-------------------------------------------
     0 | D:1      | timneilson the Gargoyle Fighter began the quest for the
                  | Orb.
     0 | D:1      | Reached XP level 1. HP: 14/14 MP: 1/1
    77 | D:1      | Reached XP level 2. HP: 14/19 MP: 2/2
   294 | D:1      | Found a faded altar of an unknown god.
   307 | D:1      | Found a faded altar of an unknown god.
   748 | D:2      | Noticed a scorpion
   757 | D:2      | Killed a scorpion
   758 | D:2      | Reached XP level 3. HP: 11/23 MP: 3/3
   758 | D:2      | Reached XP level 4. HP: 14/28 MP: 4/4
  1023 | D:2      | Reached skill level 1 in Dodging
  1394 | D:2      | Reached XP level 5. HP: 32/32 MP: 5/5
  2073 | D:3      | Found a large runed translucent door.
  2074 | D:3      | Found a large runed translucent door.
  2075 | D:3      | Noticed Sabo's ghost (weakling DsGl)
  2129 | D:3      | Found a stormy altar of Qazlal.
  2166 | D:3      | You fall into a shaft and drop 3 floors!
  2213 | D:5      | Entered Level 5 of the Dungeon
  2216 | D:5      | Found a runed translucent door.
  2216 | D:5      | Noticed meejah's ghost (amateur MiFi)
  2332 | D:5      | Noticed a centaur
  2348 | D:5      | Killed a centaur
  2349 | D:5      | Reached skill level 1 in Evocations
  2349 | D:5      | Reached XP level 6. HP: 35/38 MP: 6/6
  2375 | D:4      | Found a sand-covered staircase.
  2390 | Ossuary  | Entered an ossuary
  2557 | Ossuary  | Reached XP level 7. HP: 43/43 MP: 7/7
  2630 | D:4      | Reached skill level 5 in Armour
  2630 | D:4      | Reached skill level 5 in Shields
  2847 | D:3      | Found a snail-covered altar of Cheibriados.
  3742 | D:5      | Noticed Dowan
  3743 | D:5      | Noticed Duvessa
  3753 | D:5      | Killed Duvessa
  3761 | D:5      | Killed Dowan
  3767 | D:5      | Reached XP level 8. HP: 21/48 MP: 8/8
  4313 | D:6      | Found a radiant altar of Vehumet.
  4350 | D:6      | Reached skill level 5 in Fighting
  4411 | D:6      | Reached skill level 5 in Long Blades
  4434 | D:6      | Found a white marble altar of Elyvilon.
  4449 | D:6      | Reached XP level 9. HP: 47/54 MP: 9/9
  4508 | D:6      | Found a shimmering blue altar of Sif Muna.
  4791 | D:7      | Found a staircase to the Ecumenical Temple.
  4839 | Temple   | Entered the Ecumenical Temple
  4854 | Temple   | Became a worshipper of Warmaster Okawaru
  5069 | D:7      | Reached skill level 1 in Invocations
  5284 | D:7      | Reached * piety under Okawaru
  5736 | D:8      | Reached XP level 10. HP: 60/60 MP: 11/11
  5846 | D:8      | Found a staircase to the Lair.
  5846 | D:8      | Noticed an elephant
  5886 | D:8      | Reached ** piety under Okawaru
  5902 | D:8      | Killed an elephant
  6303 | D:8      | Found a sacrificial altar of Ru.
  6440 | D:9      | Noticed Pikel
  6462 | D:9      | Killed Pikel
  6487 | D:9      | Found a blossoming altar of Fedhas.
  6519 | D:9      | Found a staircase to the Orcish Mines.
  6551 | D:9      | Noticed a cyclops
  6567 | D:9      | Killed a cyclops
  6567 | D:9      | Reached *** piety under Okawaru
  6576 | D:9      | Noticed a two-headed ogre
  6582 | D:9      | Noticed a wizard
  6585 | D:9      | Noticed a centaur warrior
  6591 | D:9      | Noticed a six-headed hydra
  6592 | D:9      | Cast into level 3 of the Abyss (a wizard)
  6627 | Abyss:3  | Noticed a spatial maelstrom
  6644 | Abyss:4  | Noticed a smoke demon
  6654 | Abyss:4  | Killed a smoke demon
  6678 | Abyss:4  | Noticed a starcursed mass
  6691 | Abyss:4  | Noticed a worldbinder
  6695 | Abyss:4  | Paralysed by accursed screaming for 1 turns
  6697 | Abyss:4  | Noticed a merfolk aquamancer
  6697 | Abyss:4  | Noticed a manticore
  6701 | Abyss:4  | Slain by a manticore

Illustrated notes

Levels and vault maps discovered:
D:1:      dpeg_arrival_court, layout_rooms,
          hellmonk_ecumenical_altar_the_god_not_taken, minivault_11,
          minmay_tetromino_o2
D:2:      layout_loops_ring
D:3:      layout_loops_ring, nicolae_qazlal_eye_of_the_storm,
          cheibrodos_worm_habitat, ebering_ghost_disaster_area,
          minmay_diced_spiral
D:4:      layout_loops_ring, nicolae_ossuary_entry_ruins
D:5:      layout_gridville, gammafunk_ghost_grave,
          chequers_serial_rivers_small_b, chequers_hall_statues_corner_a,
          uniq_duvessa
D:6:      layout_rooms, elyvilon_altar_5, nicolae_sif_muna_little_library,
          vehumet_altar_wand_db
D:7:      layout_cave_pools, minmay_temple_entry_arrows
D:8:      layout_loops_ring, nicolae_ru_path_of_blood, david_lair_generic,
          minmay_bent
D:9:      minmay_cut_squares, layout_loops_ring, grunt_temple_overflow_holy_war,
          amcnicky_altar_gilded, orc_0_dummy, patterned_corridor, uniq_erica,
          uniq_pikel, uniq_harold
Temple:   dshaligram_water_room_temple
Abyss:4:  base: Temple, doesnt_abyss_rune_brain_food,
          hangedman_abyss_or_decor_lesser_grid, hangedman_abyss_shoalhut,
          hangedman_abyss_or_decor_lesser_grid, hangedman_stitches_earthworm

Skill      XL: |  1  2  3  4  5  6  7  8  9 10 |
---------------+-------------------------------+-----
Long Blades    | 2 3 4 5 6 7 |  7.0
Armour         | 4 5 6 7 8 |  8.7
Shields        | 4 5 6 7 8 |  8.7
Dodging        | 1 2 3 4 |  4.2
Evocations     | 1 2 3 4 |  4.2
Fighting       | 4 5 6 |  6.5
Invocations    | 1 3 |  3.2

Action                   |  1- 3 |  4- 6 |  7- 9 | 10-12 || total
-------------------------+-------+-------+-------+-------++-------
Melee: Long sword        |    58 |   211 |   452 |   191 ||   912
Invok: Heroism           |       |       |       |     5 ||     5
  Use: Scroll            |     2 |     4 |    10 |     1 ||    17
       Potion            |     1 |       |     6 |       ||     7
Armor: Scale mail        |    30 |    66 |       |       ||    96
       Chain mail        |       |    61 |   403 |   121 ||   585
Dodge: Dodged            |    32 |   111 |   234 |    67 ||   444
Block: Buckler           |    18 |    56 |   116 |       ||   190
       Kite shield       |       |       |    51 |   122 ||   173

Table legend: (Time is in decaauts)
 A = Elapsed time spent in this place.
 B = Non-inter-level travel time spent in this place.
 C = Inter-level travel time spent in this place.
 D = Time resting spent in this place.
 E = Time spent auto-exploring this place.
 F = Levels seen in this place.
 G = Mean time per level.
                   A        B        C        D        E       F      G
               +--------+--------+--------+--------+--------+-----+--------+
         Total |   6877 |   6740 |    137 |     18 |   4368 |  13 |  529.0 |
       Dungeon |   6407 |   6270 |    137 |      0 |   4246 |   9 |  711.9 |
        Temple |    135 |    135 |      0 |      0 |     98 |   1 |  135.0 |
         Abyss |    107 |    107 |      0 |      0 |      0 |   2 |   53.5 |
       Ossuary |    227 |    227 |      0 |     18 |     24 |   1 |  227.0 |
               +--------+--------+--------+--------+--------+-----+--------+

Top non-repeatable levels by time:
     D:2: 1102 daAuts
     D:3: 846 daAuts
     D:1: 764 daAuts
     D:5: 760 daAuts
     D:7: 725 daAuts
     D:8: 699 daAuts
     D:4: 672 daAuts
     D:6: 572 daAuts
     D:9: 263 daAuts
 Ossuary: 227 daAuts
  Temple: 135 daAuts
 Abyss:4: 58 daAuts
 Abyss:3: 48 daAuts
